 Dungeon Crawl Stone Soup version 0.28-a0-793-g31680bbd8b (webtiles) character file.

Game seed: 12062923195875084163

9 DungeonMaster the Skirmisher (level 2, 20/24 HPs)
             Began as a Demonspawn Wanderer on Nov 5, 2021.
             Quit the game on level 1 of the Dungeon.
             The game lasted 00:00:33 (412 turns).

DungeonMaster the Skirmisher (Demonspawn Wanderer)   Turns: 412, Time: 00:00:34

Health: 20/24      AC:  2    Str: 13    XL:     2   Next: 3%
Magic:  2/2        EV: 11    Int: 14    God:
Gold:   32         SH:  0    Dex: 10    Spells: 1/1 levels left

rFire   . . .      SeeInvis .   a - +2 dagger
rCold   . . .      Faith    .   (no shield)
rNeg    . . .      Spirit   .   e - +0 robe
rPois   .          Reflect  .   (helmet restricted)
rElec   .          Harm     .   (no cloak)
rCorr   .          Rampage  .   (no gloves)
Will    .....                   (no boots)
Stlth   ++........              (no amulet)
HPRegen 0.08/turn               (no ring)
MPRegen 0.08/turn               (no ring)

@: no status effects
A: antennae 1
a: no special abilities


You were on level 1 of the Dungeon.
You visited 1 branch of the dungeon, and saw 1 of its levels.

You collected 32 gold pieces.

Inventory:

Hand Weapons
 a - a +2 dagger (weapon)
 d - a +0 quarterstaff
 w - a +0 hunting sling
Missiles
 f - 31 stones (quivered)
Armour
 e - a +0 robe (worn)
Scrolls
 b - a scroll of blinking
 g - a scroll of identify {unknown}
 h - a scroll of summoning {unknown}
Potions
 c - a potion of curing


   Skills:
 * Level 3.3 Fighting
 - Level 2.6 Staves
 - Level 1.0 Throwing
 * Level 1.5 Dodging
 - Level 1.7 Stealth


You had one spell level left.
You didn't know any spells.
Your spell library was empty.

Dungeon Overview and Level Annotations

Branches:
Dungeon (1/15)

Altars:

Shops:
D:1 (


Innate Abilities, Weirdness & Mutations

You have a pair of small antennae on your head.


Message History

A bat comes into view.
The bat hits you but does no damage. x2
You miss the bat. The bat closely misses you.
Found a robe, a human skeleton and a minotaur skeleton.
The bat barely misses you.
Found a human skeleton.
The bat hits you but does no damage.
Found a human skeleton.
The bat barely misses you. The bat hits you but does no damage.
You completely miss the bat. The bat barely misses you.
The bat barely misses you.
Found a faded altar of an unknown god.
The bat barely misses you. The bat hits you but does no damage.
The bat hits you but does no damage. The bat closely misses you.
You hit the bat.
The bat is severely wounded.
The bat hits you. The bat hits you but does no damage.
The bat barely misses you.
You closely miss the bat.
The bat is severely wounded.
The bat closely misses you. The bat misses you. The bat barely misses you.
You barely miss the bat.
The bat is severely wounded.
The bat hits you but does no damage. The bat hits you but does no damage.
The bat barely misses you. The bat barely misses you.
You see here a human skeleton.
The bat hits you.
You see here a human skeleton.
The bat hits you.
You barely miss the bat.
The bat is severely wounded.
The bat misses you. The bat closely misses you.
You hit the bat.
You kill the bat!
You have reached level 2!
Your demonic ancestry asserts itself...
A pair of antennae grows on your head!
Are you sure you want to abandon this character and quit the game? (Confirm with "yes".)

..#..# #.##
#.# ..#..#
#..# #.#
.##..# ##.#
#.# ....##
########
..###
##...._# ..#
#......# ..#
#......# ..#
#..÷..÷# #..
#.÷÷.@.# ##.
##......# #
#.......#
#..8.8.8## .
.....####.#.#
###..# ..##.
#.#.##
....###. ##
#...[# ####
#.. ##.#.#
...# #.# #.#
.#


There were no monsters in sight!

Vanquished Creatures
  A bat (D:1)
  A giant cockroach (D:1)
  A goblin (D:1)
  2 hobgoblins (D:1)
  A ball python (D:1)
  A frilled lizard (D:1)
  A kobold (D:1)
8 creatures vanquished.

Notes
Turn   | Place    | Note
-------+----------+-------------------------------------------
     0 | D:1      | DungeonMaster the Demonspawn Wanderer began the quest for
                  | the Orb.
     0 | D:1      | DungeonMaster set off with the following items: a +2
                  | dagger, a scroll of blinking, a potion of curing, a +0
                  | quarterstaff, a +0 robe
     0 | D:1      | Reached XP level 1. HP: 18/18 MP: 1/1
   237 | D:1      | Found Miammip's Weapon Shoppe.
   398 | D:1      | Found a faded altar of an unknown god.
   412 | D:1      | Gained mutation: You have a pair of small antennae on your
                  | head. [demonic ancestry]
   412 | D:1      | Reached XP level 2. HP: 20/24 MP: 2/2
   412 | D:1      | Quit the game

Illustrated notes

Levels and vault maps discovered:
D:1:      ebering_hopf_link, layout_rooms, shapermc_ecumenical_altar_pompeii,
          serial_shops, shop, feat_on_display

Action                   || total
-------------------------++-------
Melee: Dagger            ||    22
 Stab: Sleeping          ||     1
Armor: Robe              ||    10
Dodge: Dodged            ||    18

Table legend: (Time is in decaauts)
 A = Elapsed time spent in this place.
 B = Non-inter-level travel time spent in this place.
 C = Inter-level travel time spent in this place.
 D = Time resting spent in this place.
 E = Time spent auto-exploring this place.
 F = Levels seen in this place.
 G = Mean time per level.
                   A        B        C        D        E       F      G
               +--------+--------+--------+--------+--------+-----+--------+
         Total |    412 |    412 |      0 |      0 |    335 |   1 |  412.0 |
       Dungeon |    412 |    412 |      0 |      0 |    335 |   1 |  412.0 |
               +--------+--------+--------+--------+--------+-----+--------+

Top non-repeatable levels by time:
     D:1: 412 daAuts
